 Dungeon Sprint DCSS version 0.21-a0-401-g0b6bec4 (webtiles) character file.

4860 Amnesiac the Destroyer (level 10, 0/73 HPs)
             Began as a Grey Draconian Ice Elementalist on Oct 21, 2017.
             Was a High Priest of Sif Muna.
             Slain by a redback (9 damage)
             ... in the Dungeon (Sprint I: "Red Sonja").
             The game lasted 00:12:27 (1776 turns).

Amnesiac the Destroyer (DrIE)                       Turns: 1776, Time: 00:12:28

Health: 0/73       AC: 12    Str:  9    XL:     10   Next: 25%
Magic:  23/23      EV: 15    Int: 18    God:    Sif Muna [*****.]
Gold:   561        SH:  0    Dex: 12    Spells: 13/27 levels left

rFire    . . .     SeeInvis .   (no weapon)
rCold    . . .     Gourm    .   (no shield)
rNeg     . . .     Faith    .   (armour unavailable)
rPois    .         Spirit   .   (helmet restricted)
rElec    .         Reflect  .   (no cloak)
rCorr    .         Harm     .   (no gloves)
MR       .....     NoTele   +   (no boots)
Stlth    ++........             d - amulet of magic regeneration
HPRegen  0.22/turn              (no ring)
MPRegen  0.43/turn              (no ring)

@: fainting, divine energy
A: walk through water, unfitting armour, weak 1, unbreathing, no potion heal 1,
cold-blooded, AC +12
a: Stop Divine Energy, Channel Magic, Forget Spell, Renounce Religion


You were in the Dungeon.
You worshipped Sif Muna.
Sif Muna was extremely pleased with you.
You were fainting.

You visited 1 branch You collected 991 gold pieces.
You spent 430 gold pieces at shops.

Inventory:

Missiles
 c - 3 curare-tipped needles (quivered)
 l - 13 poisoned needles
Jewellery
 d - an amulet of magic regeneration (around neck)
Wands
 i - a wand of random effects (8/48)
Scrolls
 h - a scroll of blinking {!r}
 k - a scroll of remove curse {!r}
Potions
 f - a potion of magic {!q}
 g - a potion of berserk rage {!q}
Books
 a - a book of Frost

   Spells                             Type                      Level
   a - Freeze                         Ice                          1
   b - Throw Frost                    Conjuration/Ice              2
   c - Ozocubu's Armour               Charms/Ice                   3
   d - Throw Icicle                   Conjuration/Ice              4
   e - Summon Ice Beast               Ice/Summoning                4
 b - a book of Power {god gift}

   Spells                             Type                      Level
   a - Iskenderun's Battlesphere      Conjuration/Charms           5
   b - Venom Bolt                     Conjuration/Poison           5
   c - Bolt of Magma                  Conjuration/Fire/Earth       5
   d - Iron Shot                      Conjuration/Earth            6
   e - Orb of Destruction             Conjuration                  7
   f - Spellforged Servitor           Conjuration/Summoning        7
 n - a book of Ice {god gift}

   Spells                             Type                      Level
   a - Ice Form                       Ice/Transmutation            4
   b - Metabolic Englaciation         Hexes/Ice                    5
   c - Ozocubu's Refrigeration        Ice                          6
   d - Bolt of Cold                   Conjuration/Ice              6
   e - Freezing Cloud                 Conjuration/Ice/Air          6
   f - Simulacrum                     Ice/Necromancy               6


   Skills:
 - Level 2.1 Fighting
 - Level 6.6 Dodging
 - Level 1.7 Stealth
 - Level 9.4 Spellcasting
 - Level 14.0 Conjurations
 - Level 13.9 Ice Magic
 + Level 7.4 Invocations


You had 13 spell levels left.
You knew the following spells:

 Your Spells              Type           Power        Failure   Level  Hunger
a - Freeze                Ice            ####         1%          1    None
b - Throw Frost           Conj/Ice       ######       1%          2    None
c - Ozocubu's Armour      Chrm/Ice       ####....     1%          3    None
d - Throw Icicle          Conj/Ice       ######..     1%          4    ###....
e - Summon Ice Beast      Ice/Summ       ####....     4%          4    ###....


Dungeon Overview and Level Annotations

Branches:
Dungeon (1/1)

Altars:
Cheibriados
Dithmenos
Elyvilon
Fedhas
Gozag
Hepliaklqana
Kikubaaqudgha
Makhleb
Nemelex Xobeh
Okawaru
Qazlal
Ru
Sif Muna
Trog
Uskayaw
Vehumet
Wu Jian
Xom
Yredelemnul
Zin
The Shining One
Jiyva
Lugonu

Shops:
D !([=?:

Annotations:
D exclusion: oklob plant, Sonja


Innate Abilities, Weirdness & Mutations

You can walk through water.
Your dull iron-grey scales are very hard. (AC +12)
You cannot fit into any form of body armour.
You can survive without breathing.
You are cold-blooded and may be slowed by cold attacks.
You are weak. (Str -2)
Potions are less effective at restoring your health.


Message History

The redback bites you but does no damage.
The redback bites you!
Evoke which item? (* to show all) (? for menu, Esc to quit)
Aiming: Random Effects
Press: ? - help, Shift-Dir - straight line, f/p - redback
Aim: a redback (heavily wounded, clinging)
The puff of frost hits the redback.
The redback is almost dead.
This wand has 13 charges left.
The redback closely misses you.
Evoke which item? (* to show all) (? for menu, Esc to quit)
Aiming: Random Effects
Press: ? - help, Shift-Dir - straight line, f/p - redback
Aim: a redback (purple smoke, almost dead, clinging)
The puff of flame misses the redback.
This wand has 12 charges left.
The redback misses you. The redback bites you!
* * * LOW HITPOINT WARNING * * *
You are lethally poisoned!
The redback poisons you!
Evoke which item? (* to show all) (? for menu, Esc to quit)
Aiming: Random Effects
Press: ? - help, Shift-Dir - straight line, f/p - redback
Aim: a redback (purple smoke, almost dead, clinging)
The mass of ice explodes!
The iceblast engulfs the redback.
You kill the redback!
Sif Muna accepts your kill.
Your Invocations skill increases to level 7!
The iceblast engulfs you!
* * * LOW HITPOINT WARNING * * *
This wand has 11 charges left.
* * * LOW HITPOINT WARNING * * *
You feel very sick.
Evoke which item? (* to show all) (? for menu, Esc to quit)
Aiming: Random Effects
Press: ? - help, Shift-Dir - straight line, f - redback
Aim: a redback (lightly wounded, clinging)
The redback resists with some effort.
This wand has 10 charges left.
* * * LOW HITPOINT WARNING * * *
You feel very sick. The redback misses you.
Evoke which item? (* to show all) (? for menu, Esc to quit)
Aiming: Random Effects
Press: ? - help, Shift-Dir - straight line, f/p - redback
Aim: a redback (lightly wounded, clinging)
The redback resists with some effort.
This wand has 9 charges left.
* * * LOW HITPOINT WARNING * * *
You feel very sick. The redback bites you!
* * * LOW HITPOINT WARNING * * *
The redback bites you.
* * * LOW HITPOINT WARNING * * *
Really quaff
j - a potion of curing {!q}?
Your system partially rejects the healing.
You feel better. The redback bites you.
* * * LOW HITPOINT WARNING * * *
Evoke which item? (* to show all) (? for menu, Esc to quit)
Aiming: Random Effects
Press: ? - help, Shift-Dir - straight line, f/p - redback
Aim: a redback (purple smoke, lightly wounded, clinging)
The bolt of negative energy hits the redback.
The redback is drained!
The redback is severely wounded.
This wand has 8 charges left.
The redback closely misses you. The redback bites you!
You die...

#..'..#__#.)+ss.#
'.)#..'..'..#...#
#####'#__####...ss.#
#...#.####§§#####..+
#..##.#≈≈§§.#..# ##
##'#_.'§≈§§§§..#
.'..._#§≈§§§#..#
##_.#'##)#####'###
###'#.#§[§(# #P+@#
###)####'### ###s#
.'.[.'.....+ #§#
##...####### #$#
###.### #§# #.#'#.#
+§# #.....# #§#
#.(.[.# #§# #######


You could see a redback.

Vanquished Creatures
  2 centaur warriors (D)
  A deep troll (D)
  A kobold demonologist (D)
  A hornet (D)
  Sigmund (D)
  A redback (D)
  A yak (D)
  3 floating eyes (D)
  An ogre (D)
  A jelly (D)
  Ijyb (D)
14 creatures vanquished.

Vanquished Creatures (collateral kills)
  8 shining eyes (D)
  A kobold demonologist (D)
  A slime creature (D)
  2 floating eyes (D)
  A ballistomycete (D)
13 creatures vanquished.

Vanquished Creatures (others)
  A gargoyle (D)
  2 ballistomycete spores (D)
3 creatures vanquished.

Grand Total: 30 creatures vanquished

Notes
Turn   | Place    | Note
-------+----------+-------------------------------------------
     0 | D        | Amnesiac the Draconian Ice Elementalist began the quest for the Orb.
     0 | D        | Reached XP level 1. HP: 14/14 MP: 3/3
     2 | D        | Noticed Ijyb
    41 | D        | Killed Ijyb
    41 | D        | Reached skill level 5 in Ice Magic
    41 | D        | Reached XP level 2. HP: 5/20 MP: 0/6
    52 | D        | Learned a level 2 spell: Throw Frost
   291 | D        | Noticed an ogre
   298 | D        | HP: 1/20 [ogre/giant club (19)]
   307 | D        | Killed an ogre
   307 | D        | Reached skill level 7 in Conjurations
   307 | D        | Reached XP level 3. HP: 26/26 MP: 2/8
   307 | D        | Reached XP level 4. HP: 33/33 MP: 2/9
   322 | D        | Learned a level 4 spell: Throw Icicle
   348 | D        | Noticed Sigmund
   364 | D        | Killed Sigmund
   364 | D        | Reached skill level 5 in Spellcasting
   364 | D        | Reached skill level 8 in Conjurations
   364 | D        | Reached XP level 5. HP: 15/38 MP: 3/12
   364 | D        | Reached XP level 6. HP: 18/45 MP: 3/13
   542 | D        | Found an ornate altar of the Wu Jian Council.
   542 | D        | Found a deep blue altar of Sif Muna.
   548 | D        | Found a radiant altar of Vehumet.
   554 | D        | Became a worshipper of Sif Muna the Loreminder
   583 | D        | Found Yluora's Jewellery Emporium.
   583 | D        | Found an ancient bone altar of Kikubaaqudgha.
   583 | D        | Found a hazy altar of Hepliaklqana.
   583 | D        | Found a stormy altar of Qazlal.
   583 | D        | Found a hide-covered altar of Uskayaw.
   583 | D        | Found a blossoming altar of Fedhas.
   583 | D        | Found a bloodstained altar of Trog.
   583 | D        | Found an iron altar of Okawaru.
   583 | D        | Found a basalt altar of Yredelemnul.
   583 | D        | Found a glowing golden altar of the Shining One.
   583 | D        | Found a snail-covered altar of Cheibriados.
   583 | D        | Found a sacrificial altar of Ru.
   583 | D        | Found a glowing silver altar of Zin.
   583 | D        | Found a shadowy altar of Dithmenos.
   583 | D        | Found a white marble altar of Elyvilon.
   583 | D        | Noticed a yak
   615 | D        | Killed a yak
   615 | D        | Reached * piety under Sif Muna
   615 | D        | Reached skill level 9 in Conjurations
   639 | D        | Found an opulent altar of Gozag.
   640 | D        | Found a sparkling altar of Nemelex Xobeh.
   817 | D        | Noticed Sonja
   825 | D        | Killed a gargoyle
   882 | D        | Found Avoefix's Distillery.
   908 | D        | Bought an uncursed amulet of magic regeneration for 360 gold pieces
   928 | D        | Bought a potion of heal wounds for 70 gold pieces
  1032 | D        | Noticed a floating eye
  1032 | D        | Noticed a shining eye
  1032 | D        | Noticed a floating eye
  1032 | D        | Noticed a shining eye
  1032 | D        | Noticed a floating eye
  1032 | D        | Noticed a shining eye
  1034 | D        | Paralysed by a floating eye for 3 turns
  1037 | D        | Noticed a shining eye
  1039 | D        | Noticed a shining eye
  1040 | D        | Killed a floating eye
  1040 | D        | Your scales start taking on a dull iron-grey colour.
  1040 | D        | Reached XP level 7. HP: 55/55 MP: 12/16
  1040 | D        | Gained mutation: You can survive without breathing. [Grey Draconian growth]
  1044 | D        | Paralysed by a floating eye for 4 turns
  1050 | D        | Reached ** piety under Sif Muna
  1050 | D        | Reached skill level 10 in Conjurations
  1050 | D        | Reached skill level 10 in Ice Magic
  1062 | D        | Learned a level 3 spell: Ozocubu's Armour
  1067 | D        | Learned a level 4 spell: Summon Ice Beast
  1077 | D        | Killed a shining eye
  1077 | D        | Reached *** piety under Sif Muna
  1079 | D        | Killed a shining eye
  1079 | D        | Reached skill level 11 in Conjurations
  1079 | D        | Reached XP level 8. HP: 61/61 MP: 5/18
  1089 | D        | Killed a shining eye
  1089 | D        | Reached **** piety under Sif Muna
  1123 | D        | Paralysed by a floating eye for 2 turns
  1139 | D        | Killed a shining eye
  1172 | D        | Gained mutation: You are weak. (Str -2) [a shining eye]
  1191 | D        | Killed a shining eye
  1191 | D        | Reached skill level 12 in Conjurations
  1214 | D        | Noticed a shining eye
  1222 | D        | Noticed a shining eye
  1222 | D        | Noticed a shining eye
  1225 | D        | Killed a shining eye
  1225 | D        | Reached ***** piety under Sif Muna
  1225 | D        | Received a gift from Sif Muna
  1227 | D        | Paralysed by a floating eye for 4 turns
  1228 | D        | Gained mutation: Potions are less effective at restoring your health. [a shining eye]
  1234 | D        | Killed a shining eye
  1234 | D        | Reached skill level 5 in Dodging
  1234 | D        | Reached XP level 9. HP: 67/67 MP: 8/21
  1236 | D        | Killed a shining eye
  1257 | D        | Found Wuatuokh's Weapon Shoppe.
  1257 | D        | Found Minul's Magic Scroll Shop.
  1257 | D        | Found Muotz's Antique Armour Emporium.
  1257 | D        | Found Asisaa's Book Boutique.
  1327 | D        | Noticed a deep troll
  1339 | D        | Killed a deep troll
  1339 | D        | Reached skill level 13 in Conjurations
  1495 | D        | Noticed a centaur warrior
  1496 | D        | Noticed a centaur warrior
  1505 | D        | Killed a centaur warrior
  1505 | D        | Identified a paperback manual {god gift} (Sif Muna gifted it to you in the Dungeon)
  1505 | D        | Received a gift from Sif Muna
  1515 | D        | Killed a centaur warrior
  1515 | D        | Reached skill level 14 in Conjurations
  1515 | D        | Reached XP level 10. HP: 27/73 MP: 3/23
  1551 | D        | Noticed an oklob plant
  1574 | D        | Found a viscous altar of Jiyva.
  1574 | D        | Found a corrupted altar of Lugonu.
  1576 | D        | Found a burning altar of Makhleb.
  1576 | D        | Found a shimmering altar of Xom.
  1605 | D        | Paralysed by a floating eye for 4 turns
  1609 | D        | Reached skill level 5 in Invocations
  1632 | D        | Noticed an orange demon
  1776 | D        | Slain by a redback

Vault maps used:
D:        dungeon_sprint_1

Skill      XL: |  1  2  3  4  5  6  7  8  9 10 |
---------------+-------------------------------+-----
Spellcasting   | 3 5 6 7 8 9 |  9.4
Ice Magic      | 5 8 9 11 12 13 | 13.9
Conjurations   | 7 8 9 11 12 14 | 14.0
Fighting       | 2 |  2.1
Dodging        | 2 5 6 |  6.6
Invocations    | 7 |  7.4
Stealth        | |  1.7

Action                   |  1- 3 |  4- 6 |  7- 9 | 10-12 || total
-------------------------+-------+-------+-------+-------++-------
Melee: Unarmed           |       |       |     3 |     1 ||     4
       Tailslap          |       |       |     1 |     1 ||     2
 Cast: Freeze            |     9 |    17 |     6 |    13 ||    45
       Throw Frost       |     3 |       |       |       ||     3
       Throw Icicle      |       |     7 |    11 |     1 ||    19
       Summon Ice Beast  |       |       |    22 |     2 ||    24
       Ozocubu's Armour  |       |       |     1 |     1 ||     2
Invok: Divine Energy     |       |     1 |       |       ||     1
       Channel Magic     |       |       |     1 |       ||     1
Evoke: Wand              |       |       |     1 |    11 ||    12
  Use: Potion            |     3 |     2 |     1 |     2 ||     8
       Scroll            |       |       |       |     2 ||     2
  Eat: Chunk             |       |     1 |       |       ||     1
       Bread ration      |       |       |     1 |       ||     1
Armor: Skin              |     5 |     2 |    10 |    36 ||    53
Dodge: Dodged            |     6 |     8 |     2 |    74 ||    90

Table legend:
 A = Spawn XP
 B = Non-spawn XP
 C = Spawn XP percentage of total XP
 D = Spawn monster count
 E = Non-spawn monster count
 F = Spawn count percentage of total count
 G = Total turns spent on level
                    A         B        C        D         E        F      G
               +---------+---------+-------+---------+---------+-------+---------
         Total |       0 |    6943 |   0.0 |       0 |      26 |   0.0 |  1776
               +---------+---------+-------+---------+---------+-------+---------
             D |       0 |    6943 |   0.0 |       0 |      26 |   0.0 |  1776
               +---------+---------+-------+---------+---------+-------+---------
